AoeStats
← Bioshock

Oasis

508774022Analyzed
2v2 RM · 9d ago on Sep 24, 2026· 58m 8s· 4 players
Game mode
Random Map
Map size
Medium (4 player)
Population
200
Speed
Normal
Resources
Standard
Victory
Conquest
Starting age
Dark Age
Ending age
Imperial Age
RankedLock teamsTeams togetherTeam positionsShared explorationLock speedFull tech treeHidden civsTurbo modeCheats
Victory
Defeat
🇦🇷 Britons · Argentina
1137
+14
🇦🇷 Franks · Argentina
1128
+14
🇦🇷 Persians · Argentina
1105
-15
🇺🇸 Spanish · United States
1060
-13
rodrigo9999991
6:33 Loom
12:18 Feudal Age
18:34 Castle Age
16:29 Double-Bit Axe
17:09 Horse Collar
17:21 Gold Mining
17:59 Bloodlines
22:12 Husbandry
23:08 Forging
23:51 Bow Saw
24:26 Stone Mining
27:07 Heavy Plow
31:08 Imperial Age
29:02 Fletching
29:33 Scale Barding Armor
30:24 Wheelbarrow
31:13 Chain Barding Armor
31:03 Cavalier
36:02 Plate Barding Armor
36:41 Conscription
39:03 Hand Cart
40:47 Iron Casting
43:16 Gold Shaft Mining
46:15 Kamandaran
46:48 Savar
48:27 Crossbowman
50:10 Thumb Ring
51:04 Bodkin Arrow
51:44 Masonry
51:55 Ballistics
54:51 Padded Archer Armor
55:52 Blast Furnace
56:41 Architecture
Butters
10:05 Loom
11:50 Feudal Age
17:06 Castle Age
16:21 Double-Bit Axe
16:35 Horse Collar
20:20 Bow Saw
32:28 Imperial Age
NadiaLaCachorra
6:48 Loom
9:27 Feudal Age
10:11 Double-Bit Axe
14:46 Fletching
22:19 Castle Age
20:32 Padded Archer Armor
21:08 Gold Mining
22:23 Elite Skirmisher
23:01 Bodkin Arrow
23:21 Leather Archer Armor
24:47 Bow Saw
24:33 Crossbowman
29:01 Ballistics
30:21 Gold Shaft Mining
35:11 Wheelbarrow
38:19 Imperial Age
39:21 Hand Cart
38:47 Arbalester
40:36 Chemistry
41:04 Pikeman
41:45 Squires
41:54 Bracer
41:59 Halberdier
42:41 Scale Mail Armor
42:52 Forging
45:44 Conscription
46:05 Chain Mail Armor
46:31 Iron Casting
46:59 Ring Archer Armor
46:36 Gambesons
46:38 Arson
48:44 Warwolf
49:21 Hoardings
49:32 Masonry
50:46 Two-Man Saw
50:43 Plate Mail Armor
51:13 Blast Furnace
Bioshock
7:01 Loom
9:36 Feudal Age
14:05 Forging
14:46 Scale Barding Armor
22:09 Castle Age
20:00 Double-Bit Axe
21:15 Gold Mining
23:09 Wheelbarrow
23:12 Husbandry
25:33 Stone Mining
27:33 Bow Saw
28:41 Hand Cart
29:26 Gold Shaft Mining
30:32 Chain Barding Armor
30:47 Iron Casting
32:38 Fletching
34:03 Bodkin Arrow
40:38 Pikeman
41:05 Arson
41:21 Squires
41:26 Scale Mail Armor
42:31 Chain Mail Armor
42:38 Squires
52:05 Arson
Connection lost

Rejoining the realm…

Still unreachable

The connection could not be restored.

Session expired

The server has moved on; the page needs a fresh start.